 Dungeon Crawl Stone Soup version 0.28-a0-667-g162e43154e (webtiles) character file.

Game seed: 4521614640670475856

221 BlueGoblin the Ducker (level 5, -1/32 HPs)
             Began as a Gargoyle Monk on Oct 17, 2021.
             Was a Believer of Qazlal.
             Slain by a killer bee (7 damage)
             ... on level 3 of the Dungeon.
             The game lasted 00:08:41 (4202 turns).

BlueGoblin the Ducker (Gargoyle Monk)               Turns: 4202, Time: 00:08:42

Health: -1/32      AC: 16    Str: 15    XL:     5   Next: 98%
Magic:  5/5        EV:  5    Int: 10    God:    Qazlal [**....]
Gold:   227        SH:  2    Dex: 13    Spells: 4/4 levels left

rFire   . . .      SeeInvis .   a - +0 mace
rCold   . . .      Faith    .   (no shield)
rNeg    + . .      Spirit   .   j - +1 plate armour {rPois}
rPois   ∞          Reflect  .   d - +0 helmet
rElec   +          Harm     .   (no cloak)
rCorr   .          Rampage  .   (no gloves)
Will    .....                   (no boots)
Stlth   ..........              (no amulet)
HPRegen 0.10/turn               (no ring)
MPRegen 0.09/turn               (no ring)

@: no status effects
A: sickness immunity, AC +4, negative energy resistance 1, electricity
resistance, torment resistance 1, petrification resistance
a: Renounce Religion, Upheaval


You were on level 3 of the Dungeon.
You worshipped Qazlal.
Qazlal was pleased with you.
You visited 1 branch of the dungeon, and saw 4 of its levels.

You collected 227 gold pieces.

Inventory:

Hand Weapons
 a - a +0 mace (weapon)
Missiles
 e - 10 sling bullets
 h - 32 poisoned darts (quivered)
 k - 19 bolts
Armour
 b - a +0 robe
 d - a +0 helmet (worn)
 j - a +1 plate armour of poison resistance (worn)
Jewellery
 q - a ring of magical power
Scrolls
 i - a scroll of blinking
 m - a scroll of brand weapon {unknown}
 o - a scroll of amnesia {unknown}
Potions
 c - a potion of mutation
 f - a potion of flight
 g - a potion of degeneration {unknown}
 l - a potion of curing {unknown}
 n - a potion of haste {unknown}
 r - a potion of ambrosia {unknown}


   Skills:
 - Level 3.2 Fighting
 - Level 3.0 Maces & Flails
 * Level 1.5 Armour
 * Level 5.1 Dodging
 - Level 2.1 Stealth


You had 4 spell levels left.
You didn't know any spells.
Your spell library contained the following spells:

 Spells                   Type           Power      Damage    Failure   Level
 Ensorcelled Hibernation  Hex/Ice        0%         N/A       100%        2
 Slow                     Hex            0%         N/A       100%        2
 Confusing Touch          Hex            0%         N/A       100%        3
 Conjure Flame            Conj/Fire      0%         6-21      100%        3
 Ignite Poison            Fire/Tmut/Pois 0%         N/A       100%        3
 Tukima's Dance           Hex            0%         N/A       100%        3
 Vampiric Draining        Necr           0%         2d6       100%        3
 Sticky Flame             Conj/Fire      0%         2d3       100%        4


Dungeon Overview and Level Annotations

Branches:
Dungeon (4/15)
 Temple: D:4-7

Altars:
Qazlal


Innate Abilities, Weirdness & Mutations

You are immune to sickness and miasma.
Your stone body is resilient. (AC +4)
You are immune to poison.
You resist negative energy. (rN+)
You are resistant to electric shocks. (rElec)
You are resistant to unholy torment.
You are immune to petrification.


Message History

The killer bee is heavily wounded.
The killer bee stings you. The killer bee barely misses you.
The iguana hisses menacingly.
The killer bee stings you but does no damage.
You block the killer bee's attack.
The killer bee stings you but does no damage.
The killer bee stings you but does no damage.
The water moccasin is engulfed in blazing flames.
You block the killer bee's attack.
The killer bee stings you but does no damage.
There is a stone staircase leading up here.
The killer bee stings you. x2
* * * LOW HITPOINT WARNING * * *
The water moccasin bites you but does no damage.
You climb upwards.
There is a stone staircase leading down here.
The killer bee stings you but does no damage.
The killer bee stings you but does no damage. x2
The water moccasin bites you but does no damage.
The killer bee stings you but does no damage.
The killer bee stings you but does no damage.
The water moccasin bites you but does no damage.
The killer bee barely misses you.
The killer bee stings you but does no damage.
Okay, then.
As you read the scroll of identify, it crumbles to dust.
f - a potion of flight The killer bee stings you but does no damage.
The killer bee stings you.
* * * LOW HITPOINT WARNING * * *
Okay, then.
You are too injured to fight recklessly!
You are too injured to fight recklessly!
Hit: a) +0 mace
Press: ? - help, Dir - move target, f - killer bee
Aim: a killer bee (heavily wounded, about 71% to evade your +0 mace)
Okay, then.
The killer bee stings you but does no damage.
The killer bee stings you!
You die...

#...# #.# #..## ###...
#...# #.# #.#####...#.
#...# #.# #.##.(..####
####.### #.####.#..####
#......# #....#...##
#......# ####.#..##
#.>....######.....##
#.......Sy.........########
#......###@##..##..........
#......# #..#..#..#########
#......####.#..#.##
#.......###.#..#.#
###......##......##########
#........................
#........#####........###
#........### #........#
#####.<....###........#


You could see a water moccasin and a killer bee.

Vanquished Creatures
  Ijyb (D:3)
  Natasha (twice) (D:3)
  An orc wizard (D:3)
  6 adders
  2 worms (D:2)
  2 dart slugs
  3 orcs (D:3)
  4 endoplasms
  A giant cockroach (D:1)
  7 goblins
  5 hobgoblins
  4 quokkas
  7 ball pythons
  8 bats
  2 frilled lizards
  4 kobolds
  4 rats
63 creatures vanquished.

Vanquished Creatures (others)
  7 fungi (D:2)
  3 toadstools (D:2)
10 creatures vanquished.

Grand Total: 73 creatures vanquished

Notes
Turn   | Place    | Note
-------+----------+-------------------------------------------
     0 | D:1      | BlueGoblin the Gargoyle Monk began the quest for the Orb.
     0 | D:1      | Reached XP level 1. HP: 14/14 MP: 1/1
    74 | D:1      | Reached XP level 2. HP: 4/19 MP: 2/2
   625 | D:1      | Reached skill level 3 in Dodging
  1869 | D:1      | Reached XP level 3. HP: 12/23 MP: 3/3
  2529 | D:2      | Reached skill level 4 in Dodging
  2529 | D:2      | Reached XP level 4. HP: 19/28 MP: 4/4
  3074 | D:2      | Found a faded altar of an unknown god.
  3252 | D:3      | Noticed Natasha
  3269 | D:3      | Killed Natasha
  3453 | D:3      | Found a stormy altar of Qazlal.
  3488 | D:3      | Reached XP level 5. HP: 29/32 MP: 5/5
  3506 | D:3      | Became a worshipper of Qazlal Stormbringer
  3506 | D:3      | Reached * piety under Qazlal
  3506 | D:3      | Reached ** piety under Qazlal
  3580 | D:3      | Reached skill level 1 in Armour
  3897 | D:3      | Noticed Ijyb
  3902 | D:3      | Paralysed by Ijyb for 7 turns
  3913 | D:3      | Paralysed by Ijyb for 2 turns
  3923 | D:3      | Killed Ijyb
  3924 | D:3      | Reached skill level 5 in Dodging
  3939 | D:3      | Noticed Natasha
  3949 | D:3      | Killed Natasha
  4176 | D:4      | Noticed a water moccasin
  4177 | D:4      | Noticed an ogre
  4202 | D:3      | Slain by a killer bee

Illustrated notes

Levels and vault maps discovered:
D:1:      erik_arrival_cave_to_civilisation [erik_arrival_cave_to_hall],
          layout_loops_ring
D:2:      layout_basic, shapermc_ecumenical_altar_ellora,
          minmay_gold_behind_fungi, grunt_decor_mini_mirrors,
          minmay_small_reverse_x
D:3:      layout_rooms, nicolae_qazlal_scattered_showers, uniq_natasha,
          uniq_ijyb
D:4:      layout_basic, minmay_manual_moon

Skill      XL: |  1  2  3  4  5 |
---------------+----------------+-----
Dodging        | 3 4 5 |  5.1
Armour         | 1 |  1.5
Fighting       | |  3.2
Maces & Flails | |  3.0
Stealth        | |  2.1

Action                   |  1- 3 |  4- 6 || total
-------------------------+-------+-------++-------
Melee: Mace              |   100 |   200 ||   300
  Use: Scroll            |     3 |     2 ||     5
 Stab: Sleeping          |     2 |     1 ||     3
       Distracted        |     1 |       ||     1
Armor: Robe              |    52 |    15 ||    67
       Plate armour      |       |   166 ||   166
Dodge: Dodged            |    91 |    76 ||   167
Block: Other             |       |    12 ||    12

Table legend: (Time is in decaauts)
 A = Elapsed time spent in this place.
 B = Non-inter-level travel time spent in this place.
 C = Inter-level travel time spent in this place.
 D = Time resting spent in this place.
 E = Time spent auto-exploring this place.
 F = Levels seen in this place.
 G = Mean time per level.
                   A        B        C        D        E       F      G
               +--------+--------+--------+--------+--------+-----+--------+
         Total |   4279 |   4137 |    142 |   1170 |   2165 |   4 | 1069.8 |
       Dungeon |   4279 |   4137 |    142 |   1170 |   2165 |   4 | 1069.8 |
               +--------+--------+--------+--------+--------+-----+--------+

Top non-repeatable levels by time:
     D:1: 1988 daAuts
     D:2: 1259 daAuts
     D:3: 997 daAuts
     D:4: 33 daAuts
